 Dungeon Crawl Stone Soup version 0.28.0-53-g5a82cb258f (webtiles) character file.

Game seed: 6272322010469394348

373 MiltankisOP the Skirmisher (level 6, -2/40 HPs)
             Began as a Gargoyle Fighter on June 15, 2022.
             Slain by an orc
             ... wielding a +0 flail
              (4 damage)
             ... on level 3 of the Dungeon.
             The game lasted 00:05:27 (3240 turns).

MiltankisOP the Skirmisher (Gargoyle Fighter)       Turns: 3240, Time: 00:05:27

Health: -2/40      AC: 16    Str: 22    XL:     6   Next: 71%
Magic:  6/6        EV:  9    Int:  8    God:
Gold:   122        SH:  4    Dex:  9    Spells: 5/5 levels left

rFire   . . .      SeeInvis .   a - +0 flail
rCold   . . .      Faith    .   c - +0 buckler
rNeg    + . .      Spirit   .   b - +0 scale mail
rPois   ∞          Reflect  .   u - +0 helmet
rElec   +          Harm     .   k - +0 cloak
rCorr   .          Rampage  .   f - +1 pair of gloves
Will    .....                   (no boots)
Stlth   ..........              (no amulet)
HPRegen 0.13/turn               (no ring)
MPRegen 0.10/turn               (no ring)

@: no status effects
A: sickness immunity, AC +4, negative energy resistance 1, electricity
resistance, torment resistance 1, petrification resistance
a: no special abilities


You were on level 3 of the Dungeon.
You visited 1 branch of the dungeon, and saw 4 of its levels.

You collected 122 gold pieces.

Inventory:

Hand Weapons
 a - a +0 flail (weapon)
Armour
 b - a +0 scale mail (worn)
 c - a +0 buckler (worn)
 f - a +1 pair of gloves (worn)
 k - a +0 cloak (worn)
 u - a +0 helmet (worn)
Scrolls
 e - a scroll of blinking {unknown}
 g - a scroll of acquirement {unknown}
 h - a scroll of teleportation {unknown}
 j - 2 scrolls of identify {unknown}
 l - a scroll of fear {unknown}
 n - a scroll of enchant armour {unknown}
 o - a scroll of noise {unknown}
 q - a scroll of vulnerability {unknown}
 t - a scroll of amnesia {unknown}
Potions
 d - 2 potions of might
 i - a potion of brilliance {unknown}
 m - 3 potions of curing {unknown}
 p - a potion of haste {unknown}
 r - a potion of heal wounds {unknown}
 s - a potion of attraction {unknown}


   Skills:
 - Level 5.0 Fighting
 - Level 4.0 Maces & Flails
 + Level 4.7 Armour
 + Level 4.7 Shields


You had 5 spell levels left.
You didn't know any spells.
Your spell library contained the following spells:

 Spells                   Type           Power      Damage    Failure   Level
 Animate Skeleton         Necr           0%         N/A       80%         1
 Pain                     Necr           0%         1d4       80%         1
 Tukima's Dance           Hex            0%         N/A       99%         3
 Vampiric Draining        Necr           0%         2d6       99%         3
 Anguish                  Hex/Necr       0%         N/A       100%        4
 Enfeeble                 Hex            0%         N/A       100%        7
 Malign Gateway           Summ/Tloc      0%         N/A       100%        7
 Summon Horrible Things   Summ           0%         N/A       100%        8


Dungeon Overview and Level Annotations

Branches:
Dungeon (4/15)
 Temple: D:4-7

Altars:

Shops:
D:1 ==*


Innate Abilities, Weirdness & Mutations

You are immune to sickness and miasma.
Your stone body is resilient. (AC +4)
You are immune to poison.
You resist negative energy. (rN+)
You are resistant to electric shocks. (rElec)
You are resistant to unholy torment.
You are immune to petrification.


Message History

The orc priest hits you with a +0 club.
* * * LOW HITPOINT WARNING * * *
The orc hits you but does no damage. You block the orc priest's attack.
You hit the orc priest but do no damage.
The orc priest is severely wounded.
The orc barely misses you.
The orc priest casts a cantrip, but nothing happens.
The orc hits you but does no damage.
You sock the orc priest!
You kill the orc priest!
The orc barely misses you.
You barely miss the orc. The orc hits you but does no damage.
You closely miss the orc. The orc barely misses you.
You barely miss the orc. The orc barely misses you. The orc closely misses you.
You hit the orc.
The orc is moderately wounded.
The orc hits you with a +0 flail.
* * * LOW HITPOINT WARNING * * *
You completely miss the orc.
The orc is moderately wounded.
You block the orc's attack.
You closely miss the orc.
The orc is moderately wounded.
The orc hits you but does no damage.
You closely miss the orc.
The orc is moderately wounded.
The orc closely misses you.
You closely miss the orc.
The orc is moderately wounded.
The orc hits you with a +0 flail.
* * * LOW HITPOINT WARNING * * *
The orc hits you but does no damage.
You hit the orc but do no damage.
The orc is lightly wounded.
The orc hits you with a +0 flail.
* * * LOW HITPOINT WARNING * * *
You barely miss the orc.
The orc is lightly wounded.
The orc hits you with a +0 flail.
You die...

#.# ###### #.# .....#
#.# ####.# #.# #.# #.#
## ####.#######.# ##.###
.............###.[..
.###.######.....))#.##..
### .....#
##...#.@o...... ..
.##### #......######.#
#. .##### ##...#.# #. #.
.....# ##.##.# #.# #.
.###.# #.##.# #..#
#####. .# #.# #.##.#
#...#+#..... .# #.#
##+##.# +#........##. .#
#.# ##...#.#
#........###. ####.#
##......### .........#
#.


You could see an orc.

Vanquished Creatures
  Sigmund (D:3)
  3 lemures (D:4)
  2 orc priests (D:3)
  A bullfrog zombie (D:3)
  Jessica (D:3)
  A gnoll (D:1)
  3 adders
  3 orcs
  6 bats
  7 endoplasms
  5 goblins
  6 hobgoblins
  7 jackals
  A quokka (D:2)
  4 ball pythons
  7 frilled lizards
  4 kobolds
  6 rats
68 creatures vanquished.

Vanquished Creatures (others)
  A fungus (D:2)
1 creature vanquished.

Grand Total: 69 creatures vanquished

Notes
Turn   | Place    | Note
-------+----------+-------------------------------------------
     0 | D:1      | MiltankisOP the Gargoyle Fighter began the quest for the
                  | Orb.
     0 | D:1      | Reached XP level 1. HP: 14/14 MP: 1/1
   241 | D:1      | Reached XP level 2. HP: 13/19 MP: 2/2
   246 | D:1      | Found Deintaj's Jewellery Boutique.
   476 | D:1      | Found Tamofriu's General Store.
   621 | D:1      | Found Hemeonk's Jewellery Boutique.
   632 | D:1      | Reached skill level 4 in Fighting
   632 | D:1      | Reached XP level 3. HP: 21/24 MP: 3/3
   982 | D:2      | You fall into a shaft and drop 2 floors!
  1160 | D:4      | Noticed a lemure
  1160 | D:4      | Noticed a lemure
  1167 | D:4      | Noticed a lemure
  1175 | D:4      | Killed a lemure
  1185 | D:4      | Killed a lemure
  1204 | D:4      | Killed a lemure
  1514 | D:3      | Noticed Jessica
  1516 | D:3      | Killed Jessica
  1517 | D:3      | Reached XP level 4. HP: 30/30 MP: 4/4
  2125 | D:2      | Found a faded altar of an unknown god.
  2427 | D:3      | Reached skill level 5 in Fighting
  2427 | D:3      | Reached XP level 5. HP: 31/35 MP: 5/5
  2971 | D:3      | Noticed Sigmund
  2999 | D:3      | Killed Sigmund
  3000 | D:3      | Reached XP level 6. HP: 32/40 MP: 6/6
  3239 | D:3      | HP: 2/40 [orc/+0 flail (1)]
  3240 | D:3      | Slain by an orc

Illustrated notes

Levels and vault maps discovered:
D:1:      beargit_arrival_greenhouse, layout_loops_ring, serial_shops,
          nicolae_shop_temple_entry_statues_fountains,
          nicolae_shop_advertising_works [nicolae_subvault_shop_adworks],
          shop_statue
D:2:      minmay_chambers_of_twos, layout_loops_ring,
          shapermc_ecumenical_altar_acropolis
D:3:      layout_loops_corners, minmay_pentangle, uniq_jessica, uniq_sigmund
D:4:      layout_layer_cave, minmay_fractal_squares_diagonal_5, uniq_pikel

Skill      XL: |  1  2  3  4  5 |
---------------+----------------+-----
Fighting       | 4 5 |  5.0
Maces & Flails | 3 4 |  4.0
Armour         | 4 |  4.7
Shields        | 4 |  4.7

Action                   |  1- 3 |  4- 6 || total
-------------------------+-------+-------++-------
Melee: Flail             |   128 |   141 ||   269
Armor: Scale mail        |    88 |    87 ||   175
Dodge: Dodged            |    68 |    75 ||   143
Block: Buckler           |    24 |    19 ||    43
